Map: Ulrena

Players

State - Winner!

  • Race: Protoss Protoss

Elazer

  • Race: Zerg Zerg
  • League: Grandmaster

Event: DreamHack ZOWIE Open Leipzig

VOD

Have the link to the VOD?

Description

Time

  • Played on: Jan. 22, 2016, 11:11 a.m.
  • Length: 7:35

All games in this series

Show
View Real Time Build Order
Export as new Build Order

State Protoss - Winner!

Build Orders: 1 Gate Expand, Blink Stalkers, Zealot Archon, Dark Templar Rush 

Get SALT Encoding   

  12  0:00  Probe (Chrono Boost)  
  13  0:11  Probe (Chrono Boost)  
  14  0:19  Pylon  
  14  0:22  Probe (Chrono Boost)  
  15  0:37  Probe (Chrono Boost)  
  15  0:38  Gateway  
  16  0:43  Assimilator  
  16  0:48  Probe (Chrono Boost)  
  17  0:58  Probe (Chrono Boost)  
  18  1:09  Probe (Chrono Boost)  
  19  1:24  Nexus  
  19  1:27  Probe (Chrono Boost)  
  20  1:39  Cybernetics Core  
  20  1:42  Probe (Chrono Boost)  
  21  1:47  Assimilator  
  21  1:52  Probe (Chrono Boost)  
  22  2:01  Pylon  
  22  2:03  Probe (Chrono Boost)  
  23  2:14  Warp Gate  
  23  2:19  Adept (Chrono Boost)  
  23  2:20  Mothership Core (Chrono Boost)  
  27  2:36  Probe (Chrono Boost)  
  28  2:38  Probe (Chrono Boost)  
  29  2:44  Pylon  
  29  2:47  Probe  
  29  2:48  Sentry (Chrono Boost)  
  29  2:49  Probe  
  33  2:59  Probe  
  33  3:01  Probe  
  33  3:04  Gateway  
  35  3:09  Gateway  
  35  3:10  Sentry (Chrono Boost)  
  37  3:13  Probe (Chrono Boost)  
  37  3:15  Probe (Chrono Boost)  
  39  3:24  Probe (Chrono Boost)  
  40  3:27  Twilight Council  
  40  3:29  Probe (Chrono Boost)  
  41  3:34  Probe (Chrono Boost)  
  41  3:36  Pylon  
  41  3:38  Sentry  
  44  3:41  Probe (Chrono Boost)  
  44  3:45  Pylon  
  46  3:52  Probe (Chrono Boost)  
  46  3:54  Assimilator  
  46  3:55  Probe (Chrono Boost)  
  47  3:57  Assimilator  
  48  4:03  Probe (Chrono Boost)  
  48  4:05  Probe (Chrono Boost), Dark Shrine  
  49  4:13  Probe (Chrono Boost)  
  49  4:14  Gateway  
  49  4:16  Probe (Chrono Boost)  
  52  4:28  Adept x2  
  57  4:33  Pylon  
  57  4:35  Pylon  
  57  4:37  Pylon  
  56  4:38  Probe (Chrono Boost)  
  56  4:46  Adept  
  58  4:57  Pylon  
  58  5:00  Pylon  
  58  5:06  Gateway  
  58  5:07  Gateway  
  56  5:20  Dark Templar x4  
  62  5:29  Blink (Chrono Boost)  
  62  5:38  Probe x2 (Chrono Boost)  
  64  5:49  Probe x2 (Chrono Boost)  
  58  5:59  Probe (Chrono Boost)  
  58  6:00  Probe (Chrono Boost), Forge  
  58  6:01  Robotics Facility  
  60  6:10  Mothership Core (Chrono Boost)  
  62  6:17  Stalker x4  
  70  6:34  Sentry, Stalker  
  70  6:39  Pylon  
  74  6:51  Stalker x4  
  82  6:58  Stalker x2  
  84  7:09  Archon  
  84  7:17  Stalker  
  84  7:18  Stalker x3  
  92  7:27  Stalker  
  92  7:28  Stalker  
Show
View Real Time Build Order
Export as new Build Order

Elazer Zerg 

Build Orders: Hatch First, Roach Zergling 

Get SALT Encoding   

  12  0:00  Drone  
  13  0:12  Overlord  
  13  0:17  Drone  
  14  0:31  Drone x2  
  14  0:35  Drone  
  17  0:52  Hatchery  
  17  0:55  Drone  
  17  0:58  Drone  
  18  1:09  Extractor  
  17  1:13  Spawning Pool  
  17  1:15  Drone  
  17  1:19  Drone  
  18  1:29  Drone  
  19  1:43  Overlord  
  19  1:51  Drone  
  20  2:00  Queen  
  20  2:01  Drone  
  23  2:05  Drone, Queen  
  23  2:08  Metabolic Boost  
  26  2:12  Drone  
  26  2:15  Drone  
  28  2:23  Drone  
  28  2:25  Drone  
  30  2:34  Hatchery  
  29  2:40  Queen  
  31  2:45  Overlord  
  31  2:50  Zergling x4  
  31  2:51  Zergling x2  
  34  2:55  Drone  
  34  2:58  Drone  
  36  3:09  Drone x3  
  36  3:12  Queen  
  41  3:18  Spore Crawler, Drone  
  41  3:19  Queen  
  43  3:27  Roach Warren  
  43  3:29  Extractor  
  43  3:33  Overlord  
  41  3:36  Drone x3  
  44  3:42  Overlord  
  44  3:46  Overlord  
  43  3:50  Overlord  
  43  3:58  Queen  
  45  4:07  Roach  
  45  4:08  Roach x2  
  51  4:10  Roach  
  51  4:13  Roach  
  51  4:16  Roach  
  57  4:19  Roach  
  57  4:22  Roach  
  61  4:25  Roach  
  61  4:29  Roach  
  65  4:33  Roach  
  65  4:34  Roach  
  65  4:37  Zergling x2  
  70  4:40  Overlord  
  69  4:47  Zergling x6  
  69  4:50  Ravager  
  73  4:52  Zergling x2  
  73  4:53  Zergling x2  
  74  5:00  Zergling x8  
  74  5:04  Ravager  
  74  5:05  Zergling x4  
  81  5:14  Spore Crawler  
  76  5:21  Zergling x12  
  72  5:29  Lair  
  72  5:35  Zergling x2  
  57  5:43  Drone  
  57  5:49  Drone x2  
  53  6:02  Roach x3  
  52  6:17  Roach  
  52  6:19  Zergling x6  
  52  6:25  Zergling x2  
  56  6:26  Overseer  
  56  6:28  Zergling x2  
  56  6:29  Zergling x2  
  58  6:34  Zergling x2  
  58  6:38  Zergling x2  
  58  6:39  Zergling x2  
  53  6:56  Ravager, Zergling x6  
  53  6:57  Zergling x2  
  54  7:04  Ravager  
  54  7:05  Zergling x2  
  53  7:12  Zergling x2  
  54  7:15  Zergling x2  

Tags
 
Add a new tag
Caveats
  • Supply blocks, unpowered buildings, or Contaminate may cause inaccurate times.
  • Supply counts are checked every 10 seconds.